TOP OF THE 1ST |
State College Spikes batting - Pitching for Brooklyn Cyclones : RHP Adrian Colorado
|
Pitching: RHP Adrian Colorado
|
|
Batting: RHB Mario Mendoza
|
0-0: Called Strike 0-1: Foul Ball, location: 2F 0-2: Strikes out swinging
|
Batting: RHB Bernard Claude
|
0-0: SINGLE (Groundball, 6D, EV 96.9 MPH)
|
Batting: LHB Travis Ruppel
|
0-0: Ball Bernard Claude steals 2nd base 1-0: Ball Bernard Claude is caught stealing 3rd base 2-5 2-0: Called Strike 2-1: Ball 3-1: Called Strike 3-2: Foul Ball, location: 2F 3-2: Ground out 5-3 (Groundball, 56, EV 86.2 MPH)
|
Top of the 1st over - 0 runs, 1 hit, 0 errors, 0 left on base; State College 0 - Brooklyn 0 |
BOTTOM OF THE 1ST |
Brooklyn Cyclones batting - Pitching for State College Spikes : LHP David Salas
|
Pitching: LHP David Salas
|
|
Batting: RHB Darwin Mills
|
0-0: Called Strike 0-1: Called Strike 0-2: Foul Ball, location: 2F 0-2: Foul Ball, location: 2F 0-2: Strikes out swinging
|
Batting: RHB Mike Mathews
|
0-0: Ball 1-0: Foul Ball, location: 2F 1-1: Swinging Strike 1-2: Ground out 4-3 (Groundball, 4, EV 81.9 MPH)
|
Batting: SHB Harrison Feist
|
0-0: Called Strike 0-1: Ball 1-1: Ball 2-1: Foul Ball, location: 2F 2-2: Strikes out swinging
|
Bottom of the 1st over - 0 runs, 0 hits, 0 errors, 0 left on base; State College 0 - Brooklyn 0 |
TOP OF THE 2ND |
State College Spikes batting - Pitching for Brooklyn Cyclones : RHP Adrian Colorado
|
Batting: RHB Kalidas Mishra
|
0-0: Foul Ball, location: 2F 0-1: Ball 1-1: Ball 2-1: Swinging Strike 2-2: Ball 3-2: Strikes out swinging
|
Batting: RHB Robby Hickman
|
0-0: Swinging Strike 0-1: Foul Ball, location: 2F 0-2: Strikes out swinging wild pitch, reaches first!
|
Pitching: RHP Danny Helm
|
|
Batting: LHB Keith Rice
|
0-0: Called Strike 0-1: Ball 1-1: Ball Robby Hickman steals 2nd base 2-1: Ball 3-1: Base on Balls
|
Batting: RHB Jose Jimenez
|
0-0: Called Strike Robby Hickman steals 3rd base 0-1: Ball 1-1: Ball 2-1: Ball 3-1: Swinging Strike 3-2: Grounds into double play, 4-6-3 (Groundball, 4, EV 109.4 MPH)
|
Top of the 2nd over - 0 runs, 0 hits, 0 errors, 1 left on base; State College 0 - Brooklyn 0 |
BOTTOM OF THE 2ND |
Brooklyn Cyclones batting - Pitching for State College Spikes : LHP David Salas
|
Batting: RHB Mike Patterson
|
0-0: Swinging Strike 0-1: Ball 1-1: Foul Ball, location: 2F 1-2: Ball 2-2: Ground out 5-3 (Groundball, 56S, EV 79.4 MPH)
|
Batting: RHB Matt Tittle
|
0-0: Foul Ball, location: 2F 0-1: Called Strike 0-2: Ball 1-2: Strikes out swinging
|
Batting: LHB Ryan Stegall
|
0-0: Called Strike 0-1: Ball 1-1: Swinging Strike 1-2: Ball 2-2: Strikes out swinging
|
Bottom of the 2nd over - 0 runs, 0 hits, 0 errors, 0 left on base; State College 0 - Brooklyn 0 |
TOP OF THE 3RD |
State College Spikes batting - Pitching for Brooklyn Cyclones : RHP Danny Helm
|
Batting: LHB Jorge Zarazua
|
0-0: Ball 1-0: Called Strike 1-1: Ball 2-1: Ball 3-1: DOUBLE (Line Drive, 78M, EV 91.9 MPH)
|
Batting: RHB Ben Politi
|
0-0: Foul Ball, location: 2F 0-1: Ground out 4-3 (Groundball, 4, EV 84.4 MPH) Jorge Zarazua to third
|
Pitching: RHP Marvin Merino
|
|
Batting: RHB Mario Mendoza
|
0-0: Foul Ball, location: 2F 0-1: Called Strike 0-2: Strikes out swinging
|
Batting: RHB Bernard Claude
|
0-0: Called Strike 0-1: Ball 1-1: Foul Ball, location: 2F 1-2: Foul Ball, location: 2F 1-2: Strikes out swinging
|
Top of the 3rd over - 0 runs, 1 hit, 0 errors, 1 left on base; State College 0 - Brooklyn 0 |
BOTTOM OF THE 3RD |
Brooklyn Cyclones batting - Pitching for State College Spikes : LHP David Salas
|
Batting: RHB Brad Brown
|
0-0: Called Strike 0-1: Ball 1-1: Swinging Strike 1-2: Strikes out looking
|
Batting: RHB Tyler Lybrand
|
0-0: Ball 1-0: Foul Ball, location: 2F 1-1: Swinging Strike 1-2: Foul Ball, location: 2F 1-2: Strikes out swinging
|
Batting: RHB Barney Pederson
|
0-0: Ball 1-0: Ball 2-0: Swinging Strike 2-1: Foul Ball, location: 2F 2-2: Ball 3-2: Base on Balls
|
Batting: RHB Darwin Mills
|
0-0: Foul Ball, location: 2F 0-1: Reached on error, E4 (Groundball, 4, EV 103.1 MPH) Barney Pederson to second
|
Batting: RHB Mike Mathews
|
0-0: Foul Ball, location: 2F 0-1: Ball 1-1: Ball 2-1: Ball 3-1: Swinging Strike 3-2: Strikes out swinging
|
Bottom of the 3rd over - 0 runs, 0 hits, 1 error, 2 left on base; State College 0 - Brooklyn 0 |
TOP OF THE 4TH |
State College Spikes batting - Pitching for Brooklyn Cyclones : RHP Marvin Merino
|
Batting: LHB Travis Ruppel
|
0-0: Foul Ball, location: 2F 0-1: Swinging Strike 0-2: SOLO HOME RUN (Flyball, 9D, EV 96.9 MPH), Distance : 380 ft
|
Batting: RHB Kalidas Mishra
|
0-0: Swinging Strike 0-1: Fly out, F7 (Flyball, 7D, EV 93.8 MPH)
|
Batting: RHB Robby Hickman
|
0-0: Foul Ball, location: 2F 0-1: Ball 1-1: Ball 2-1: Ball 3-1: Base on Balls
|
Batting: LHB Keith Rice
|
0-0: Called Strike 0-1: Fielders Choice at 2nd, 1-6 (Groundball, 13S, EV 70.6 MPH)
|
Batting: RHB Jose Jimenez
|
0-0: Called Strike 0-1: Ball 1-1: Foul Ball, location: 2F 1-2: Ball 2-2: Ball 3-2: Base on Balls Keith Rice to second
|
Batting: LHB Jorge Zarazua
|
0-0: Ground out 6-3 (Groundball, P, EV 81.2 MPH)
|
Top of the 4th over - 1 run, 1 hit, 0 errors, 2 left on base; State College 1 - Brooklyn 0 |
BOTTOM OF THE 4TH |
Brooklyn Cyclones batting - Pitching for State College Spikes : LHP David Salas
|
Batting: SHB Harrison Feist
|
0-0: Ball 1-0: Foul Ball, location: 2F 1-1: Called Strike 1-2: Strikes out swinging
|
Batting: RHB Mike Patterson
|
0-0: Ball 1-0: Ball 2-0: Swinging Strike 2-1: Ball 3-1: Called Strike 3-2: Foul Ball, location: 2F 3-2: Strikes out swinging
|
Batting: RHB Matt Tittle
|
0-0: Ball 1-0: Called Strike 1-1: Swinging Strike 1-2: Ball 2-2: Fly out, F4 (Popup, 34D, EV 61.2 MPH)
|
Bottom of the 4th over - 0 runs, 0 hits, 0 errors, 0 left on base; State College 1 - Brooklyn 0 |
TOP OF THE 5TH |
State College Spikes batting - Pitching for Brooklyn Cyclones : RHP Marvin Merino
|
Batting: RHB Ben Politi
|
0-0: Called Strike 0-1: Foul Ball, location: 2F 0-2: Strikes out swinging
|
Batting: RHB Mario Mendoza
|
0-0: Swinging Strike 0-1: SINGLE (Line Drive, 7S, EV 103.8 MPH)
|
Batting: RHB Bernard Claude
|
0-0: Ball Mario Mendoza steals 2nd, throwing error, E2 Mario Mendoza to third 1-0: Ground out 4-3 (Groundball, 4, EV 89.4 MPH) Mario Mendoza scores
|
Batting: LHB Travis Ruppel
|
0-0: Ball 1-0: Called Strike 1-1: Foul Ball, location: 2F 1-2: Strikes out looking
|
Top of the 5th over - 1 run, 1 hit, 1 error, 0 left on base; State College 2 - Brooklyn 0 |
BOTTOM OF THE 5TH |
Brooklyn Cyclones batting - Pitching for State College Spikes : LHP David Salas
|
Batting: LHB Ryan Stegall
|
0-0: SINGLE (Groundball, 34, EV 100.6 MPH)
|
Batting: RHB Brad Brown
|
0-0: Called Strike 0-1: Swinging Strike 0-2: Strikes out looking
|
Batting: RHB Tyler Lybrand
|
0-0: DOUBLE (Flyball, 89D, EV 98.1 MPH) Ryan Stegall to third
|
Batting: RHB Barney Pederson
|
0-0: Called Strike 0-1: Foul Ball, location: 2F 0-2: Strikes out swinging
|
Batting: RHB Darwin Mills
|
0-0: Ball 1-0: Foul Ball, location: 2F 1-1: Foul Ball, location: 2F 1-2: Strikes out swinging, 2-3 out at first.
|
Bottom of the 5th over - 0 runs, 2 hits, 0 errors, 2 left on base; State College 2 - Brooklyn 0 |
TOP OF THE 6TH |
State College Spikes batting - Pitching for Brooklyn Cyclones : RHP Marvin Merino
|
Batting: RHB Kalidas Mishra
|
0-0: Called Strike 0-1: Ball 1-1: Ball 2-1: SINGLE (Line Drive, 9S, EV 108.1 MPH)
|
Batting: RHB Robby Hickman
|
0-0: Called Strike Kalidas Mishra steals 2nd, throwing error, E2 Kalidas Mishra to third 0-1: SINGLE (Groundball, 34D, EV 96.9 MPH) Kalidas Mishra scores
|
Batting: LHB Keith Rice
|
0-0: DOUBLE (Line Drive, 9LS, EV 106.2 MPH) Robby Hickman to third Runner from 3rd tries for Home, SAFE, no throw by RF
|
Batting: RHB Jose Jimenez
|
0-0: Swinging Strike 0-1: Ball 1-1: Called Strike 1-2: Foul Ball, location: 2F 1-2: Ball 2-2: Foul Ball, location: 2F 2-2: Ball 3-2: Foul Ball, location: 2F 3-2: Base on Balls
|
Batting: LHB Jorge Zarazua
|
0-0: SINGLE (Groundball, 4D, EV 103.1 MPH) Keith Rice to third Jose Jimenez to second
|
Batting: RHB Ben Politi
|
0-0: Ball 1-0: Called Strike 1-1: Ball Passed Ball! Keith Rice scores Jose Jimenez to third Jorge Zarazua to second 2-1: Foul Ball, location: 2F 2-2: Strikes out swinging
|
Batting: RHB Mario Mendoza
|
0-0: Ball 1-0: 3-RUN HOME RUN (Flyball, 7D, EV 97.5 MPH), Distance : 375 ft
|
Batting: RHB Bernard Claude
|
0-0: Foul Ball, location: 2F 0-1: Ball 1-1: Ground out 4-3 (Groundball, 4, EV 81.2 MPH)
|
Batting: LHB Travis Ruppel
|
0-0: Called Strike 0-1: SINGLE (Groundball, 15S, EV 61.2 MPH) (infield hit)
|
Batting: RHB Kalidas Mishra
|
0-0: Called Strike 0-1: Fly out, F8 (Flyball, 8RD, EV 82.5 MPH)
|
Top of the 6th over - 6 runs, 6 hits, 1 error, 1 left on base; State College 8 - Brooklyn 0 |
BOTTOM OF THE 6TH |
Brooklyn Cyclones batting - Pitching for State College Spikes : LHP David Salas
|
Pitching: RHP Bobby Savoy
|
|
Batting: RHB Mike Mathews
|
0-0: Foul Ball, location: 2F 0-1: Ball 1-1: Swinging Strike 1-2: Ground out 5-3 (Groundball, 5, EV 78.1 MPH)
|
Batting: SHB Harrison Feist
|
0-0: Foul Ball, location: 2F 0-1: Swinging Strike 0-2: Strikes out swinging
|
Batting: RHB Mike Patterson
|
0-0: Ball 1-0: Swinging Strike 1-1: Ball 2-1: Foul Ball, location: 2F 2-2: Ball 3-2: Strikes out swinging
|
Bottom of the 6th over - 0 runs, 0 hits, 0 errors, 0 left on base; State College 8 - Brooklyn 0 |
TOP OF THE 7TH |
State College Spikes batting - Pitching for Brooklyn Cyclones : RHP Marvin Merino
|
Batting: RHB Robby Hickman
|
0-0: Ball 1-0: Foul Ball, location: 2F 1-1: Ball 2-1: Foul Ball, location: 2F 2-2: Ball 3-2: Strikes out swinging
|
Batting: LHB Keith Rice
|
0-0: Fly out, F7 (Line Drive, 78M, EV 85.6 MPH)
|
Batting: RHB Jose Jimenez
|
0-0: Swinging Strike 0-1: Ball 1-1: SOLO HOME RUN (Flyball, 78XD, EV 110.0 MPH), Distance : 435 ft
|
Batting: LHB Jorge Zarazua
|
0-0: SINGLE (Groundball, 6MD, EV 96.2 MPH)
|
Pinch Hitting: RHB Tom Tate
|
0-0: Called Strike 0-1: Foul Ball, location: 2F 0-2: Ball 1-2: Ball 2-2: Strikes out swinging
|
Top of the 7th over - 1 run, 2 hits, 0 errors, 1 left on base; State College 9 - Brooklyn 0 |
BOTTOM OF THE 7TH |
Brooklyn Cyclones batting - Pitching for State College Spikes : RHP Bobby Savoy
|
Now in CF: Tom Tate
|
|
Batting: RHB Matt Tittle
|
0-0: Called Strike 0-1: Foul Ball, location: 2F 0-2: Ball 1-2: Ground out 6-3 (Groundball, 6, EV 84.4 MPH)
|
Batting: LHB Ryan Stegall
|
0-0: Ball 1-0: Foul Ball, location: 2F 1-1: Foul Ball, location: 2F 1-2: Ball 2-2: Reached on error, E4 (Groundball, 4, EV 98.8 MPH)
|
Batting: RHB Brad Brown
|
0-0: Bunted foul 0-1: Bunted foul 0-2: Ball 1-2: Sac Bunt to 13 - play at first, batter OUT! 1-3 Ryan Stegall to second
|
Batting: RHB Tyler Lybrand
|
0-0: Ball 1-0: Ball Wild Pitch! Ryan Stegall to third 2-0: Foul Ball, location: 2F 2-1: Foul Ball, location: 2F 2-2: Strikes out looking
|
Bottom of the 7th over - 0 runs, 0 hits, 1 error, 1 left on base; State College 9 - Brooklyn 0 |
TOP OF THE 8TH |
State College Spikes batting - Pitching for Brooklyn Cyclones : RHP Marvin Merino
|
Batting: RHB Mario Mendoza
|
0-0: DOUBLE (Line Drive, 9LM, EV 106.9 MPH)
|
Batting: RHB Bernard Claude
|
0-0: Called Strike 0-1: Called Strike 0-2: SINGLE (Groundball, 13S, EV 67.5 MPH) (infield hit) Mario Mendoza to third
|
Batting: LHB Travis Ruppel
|
0-0: Ball 1-0: Ball 2-0: Ball 3-0: Base on Balls Bernard Claude to second
|
Batting: RHB Kalidas Mishra
|
0-0: Ball 1-0: Called Strike 1-1: Foul Ball, location: 2F 1-2: Ball 2-2: Ball 3-2: Foul Ball, location: 2F 3-2: Base on Balls Mario Mendoza scores Bernard Claude to third Travis Ruppel to second
|
Batting: RHB Robby Hickman
|
0-0: Called Strike 0-1: Ball 1-1: Called Strike 1-2: Strikes out swinging
|
Batting: LHB Keith Rice
|
0-0: Called Strike 0-1: Fielders Choice at 2nd, 4-6 (Groundball, 4, EV 79.4 MPH) Bernard Claude scores Travis Ruppel to third
|
Batting: RHB Jose Jimenez
|
0-0: Fly out, F4 (Line Drive, 4, EV 75.0 MPH)
|
Top of the 8th over - 2 runs, 2 hits, 0 errors, 2 left on base; State College 11 - Brooklyn 0 |
BOTTOM OF THE 8TH |
Brooklyn Cyclones batting - Pitching for State College Spikes : RHP Bobby Savoy
|
Batting: RHB Barney Pederson
|
0-0: Ball 1-0: Ground out 6-3 (Groundball, 6, EV 105.6 MPH)
|
Batting: RHB Darwin Mills
|
0-0: Swinging Strike 0-1: Ball 1-1: Foul Ball, location: 2F 1-2: Strikes out swinging
|
Batting: RHB Mike Mathews
|
0-0: Ball 1-0: Foul Ball, location: 2F 1-1: Foul Ball, location: 2F 1-2: Strikes out swinging
|
Bottom of the 8th over - 0 runs, 0 hits, 0 errors, 0 left on base; State College 11 - Brooklyn 0 |
TOP OF THE 9TH |
State College Spikes batting - Pitching for Brooklyn Cyclones : RHP Marvin Merino
|
Batting: LHB Jorge Zarazua
|
0-0: Called Strike 0-1: Fly out, F8 (Flyball, 8RD, EV 91.2 MPH)
|
Batting: RHB Tom Tate
|
0-0: Called Strike 0-1: Ball 1-1: Reached on error, E3 (Groundball, 3, EV 101.9 MPH)
|
Batting: RHB Mario Mendoza
|
0-0: SINGLE (Groundball, 4MS, EV 68.1 MPH) (infield hit) Tom Tate to second
|
Batting: RHB Bernard Claude
|
0-0: Called Strike 0-1: Foul Ball, location: 2F 0-2: Foul Ball, location: 2F 0-2: Ball 1-2: Foul Ball, location: 2F 1-2: SINGLE (Line Drive, 6M, EV 97.5 MPH) Tom Tate to third Mario Mendoza to second
|
Batting: LHB Travis Ruppel
|
0-0: Called Strike 0-1: Ball 1-1: Ball 2-1: Foul Ball, location: 2F 2-2: Ball 3-2: Foul Ball, location: 2F 3-2: Base on Balls Tom Tate scores Mario Mendoza to third Bernard Claude to second
|
Pinch Hitting: RHB Vic Nelson
|
0-0: Called Strike 0-1: Hit by Pitch Mario Mendoza scores Bernard Claude to third Travis Ruppel to second
|
Batting: RHB Robby Hickman
|
0-0: DOUBLE (Line Drive, 78D, EV 106.2 MPH) Bernard Claude scores Travis Ruppel scores Vic Nelson to third
|
Batting: LHB Keith Rice
|
0-0: Ball 1-0: Ball 2-0: Swinging Strike 2-1: Ball 3-1: Base on Balls
|
Batting: RHB Jose Jimenez
|
0-0: Ball 1-0: Ball 2-0: Called Strike 2-1: Foul Ball, location: 2F 2-2: Strikes out swinging
|
Batting: LHB Jorge Zarazua
|
0-0: Fielders Choice at 2nd, 5-4 (Groundball, 5, EV 88.8 MPH)
|
Top of the 9th over - 4 runs, 3 hits, 1 error, 3 left on base; State College 15 - Brooklyn 0 |
BOTTOM OF THE 9TH |
Brooklyn Cyclones batting - Pitching for State College Spikes : RHP Bobby Savoy
|
Now at C: Vic Nelson
|
|
Batting: SHB Harrison Feist
|
0-0: Ball 1-0: Called Strike 1-1: Ball 2-1: Foul Ball, location: 2F 2-2: Strikes out swinging
|
Batting: RHB Mike Patterson
|
0-0: Ball 1-0: Swinging Strike 1-1: Called Strike 1-2: Foul Ball, location: 2F 1-2: Ball 2-2: Strikes out swinging
|
Batting: RHB Matt Tittle
|
0-0: Swinging Strike 0-1: Ball 1-1: Foul Ball, location: 2F 1-2: Strikes out looking
|
Bottom of the 9th over - 0 runs, 0 hits, 0 errors, 0 left on base; State College 15 - Brooklyn 0 |
|